 Dungeon Crawl Stone Soup version 0.28-a0-834-g1a73be5ee4 (webtiles) character file.

Game seed: 10808480272143659534

28 vurker the Gusty (level 3, 0/15 HPs)
             Began as a Felid Air Elementalist on Nov 11, 2021.
             Slain by Robin (9 damage)
             ... on level 2 of the Dungeon.
             The game lasted 00:01:25 (1568 turns).

vurker the Gusty (Felid Air Elementalist)           Turns: 1568, Time: 00:01:25

Health: 0/15       AC:  1    Str:  4    XL:     3   Next: 0%
Magic:  4/7        EV: 17    Int: 17    God:
Gold:   51         SH:  0    Dex: 16    Spells: 5/6 levels left
                                        Lives:  0   Deaths: 0

rFire   . . .      SeeInvis +   (weapon unavailable)
rCold   . . .      Faith    .   (shield unavailable)
rNeg    . . .      Spirit   .   (armour unavailable)
rPois   .          Reflect  .   (helmet unavailable)
rElec   .          Harm     .   (cloak unavailable)
rCorr   .          Rampage  .   (gloves unavailable)
Will    .....                   (boots unavailable)
Stlth   ++........              (no amulet)
HPRegen 0.05/turn               (no ring)
MPRegen 0.10/turn               (no ring)

@: quick
A: very small, claws 1, fangs 3, see invisible, speed 1, shaggy fur 1, stealthy
paws, no weapons or thrown items, no armour, multi-lived
a: no special abilities


You were on level 2 of the Dungeon.
You visited 1 branch of the dungeon, and saw 2 of its levels.

You collected 51 gold pieces.

Inventory:

Scrolls
 b - a scroll of teleportation {unknown}
 c - a scroll of magic mapping {unknown}
Potions
 a - a potion of curing {unknown}


   Skills:
 + Level 1.0 Fighting
 - Level 2.6 Dodging
 - Level 2.6 Stealth
 * Level 2.4 Spellcasting
 + Level 1.2 Conjurations
 * Level 3.1 Air Magic


You had 5 spell levels left.
You knew the following spells:

 Your Spells              Type           Power      Damage    Failure   Level
a - Shock                 Conj/Air       36%        1d5       8%          1

Your spell library contained the following spells:

 Spells                   Type           Power      Damage    Failure   Level
 Static Discharge         Conj/Air       9%         N/A       12%         2
 Swiftness                Air            12%        N/A       16%         3
 Slow                     Hex            8%         N/A       19%         1
 Airstrike                Air            6%         N/A       45%         4
 Confusing Touch          Hex            2%         N/A       50%         3
 Vampiric Draining        Necr           2%         2d6       50%         3


Dungeon Overview and Level Annotations

Branches:
Dungeon (2/15)

Altars:

Annotations:
D:2 Robin


Innate Abilities, Weirdness & Mutations

You have sharp claws.
You have razor-sharp teeth.
You have supernaturally acute eyesight. (SInv)
You cover ground quickly. (Speed+)
You are covered in fur. (AC +1)
Your paws help you pounce on unaware monsters.
You are incapable of wielding weapons or throwing items.
You cannot wear armour.
You gain extra lives every three experience levels.


Message History

The zap hits Robin.
Aim: Robin, wielding a +2 falchion of holy wrath, wearing a +0 animal skin and wearing a +0 helmet (heavily wounded, 77% to hit)
The zap hits Robin.
Robin throws the goblin at you!
You closely miss the goblin. Your bite misses the goblin.
The goblin hits you with a +0 club.
Ouch! That really hurt!
* * * LOW HITPOINT WARNING * * *
Your magical contamination has completely faded away.
The goblin closely misses you. The goblin barely misses you.
There is a stone staircase leading up here.
Things that are here:
a +0 dagger; a goblin corpse The goblin no longer looks unusually strong.
The goblin hits you but does no damage.
You climb upwards.
There is a stone staircase leading down here.
Aim: a goblin, wielding a +0 club (60% to hit)
The zap hits the goblin.
Aim: a goblin, wielding a +0 club (severely wounded, 60% to hit)
The zap hits the goblin.
You kill the goblin!
You have reached level 3!
Your experience leads to an increase in your attributes!
Increase (S)trength, (I)ntelligence, or (D)exterity?
You feel clever.
Key pressed, stopping explore.
Things that are here:
a +0 club; a goblin corpse
There is a stone staircase leading down here.
You climb downwards.
Level annotation: Robin Robin barely misses you.
There is a stone staircase leading up here.
Things that are here:
a +0 dagger; a goblin skeleton
Things that are here:
a +0 dagger; a goblin skeleton You see here a +0 dagger.
You see here a hobgoblin skeleton.
The zap hits Robin.
The zap hits Robin but does no damage.
Robin hits you with a +2 falchion of holy wrath!
The zap hits Robin.
The zap hits Robin but does no damage.
Robin barely misses you.
Sorry, you're not good enough to have a special ability.
The zap hits Robin. x2
Robin hits you with a +2 falchion of holy wrath!
Ouch! That really hurt!
You die...

...).♣♣...#
#...)..#
#...#†.##
#...#...#
#g###.#.## #<
#.#(.# .
..##.##
####.######..#
.......@g)<#.#
####.#######..#
#.# .. #.# ..
..#


You could see Robin.

Vanquished Creatures
  3 endoplasms
  A giant cockroach (D:1)
  8 goblins
  5 hobgoblins
  A quokka (D:1)
  A ball python (D:1)
  2 bats
  A frilled lizard (D:1)
  2 kobolds
  A rat (D:1)
25 creatures vanquished.

Notes
Turn   | Place    | Note
-------+----------+-------------------------------------------
     0 | D:1      | vurker the Felid Air Elementalist began the quest for the
                  | Orb.
     0 | D:1      | Reached XP level 1. HP: 7/7 MP: 4/4
   169 | D:1      | Found a faded altar of an unknown god.
   268 | D:1      | Reached skill level 1 in Conjurations
   551 | D:1      | Reached XP level 2. HP: 12/12 MP: 3/6
  1120 | D:2      | Reached skill level 3 in Air Magic
  1128 | D:2      | Noticed Robin
  1192 | D:2      | Reached skill level 1 in Fighting
  1389 | D:1      | Reached XP level 3. HP: 7/15 MP: 1/7
  1568 | D:2      | Slain by Robin

Illustrated notes

Levels and vault maps discovered:
D:1:      ebering_hopf_link, layout_basic, ebering_ecumenical_altar_sacrificial
D:2:      layout_basic, serial_park_tiny_2, uniq_robin

Skill      XL: |  1  2 |
---------------+-------+-----
Conjurations   | 1 |  1.2
Air Magic      | 3 |  3.1
Fighting       | 1 |  1.0
Dodging        | |  2.6
Stealth        | |  2.6
Spellcasting   | |  2.4

Action                   || total
-------------------------++-------
Melee: Unarmed           ||     8
 Cast: Shock             ||    50
Armor: Skin              ||     1
Dodge: Dodged            ||    18

Table legend: (Time is in decaauts)
 A = Elapsed time spent in this place.
 B = Non-inter-level travel time spent in this place.
 C = Inter-level travel time spent in this place.
 D = Time resting spent in this place.
 E = Time spent auto-exploring this place.
 F = Levels seen in this place.
 G = Mean time per level.
                   A        B        C        D        E       F      G
               +--------+--------+--------+--------+--------+-----+--------+
         Total |   1391 |   1366 |     25 |    101 |   1106 |   2 |  695.5 |
       Dungeon |   1391 |   1366 |     25 |    101 |   1106 |   2 |  695.5 |
               +--------+--------+--------+--------+--------+-----+--------+

Top non-repeatable levels by time:
     D:1: 1222 daAuts
     D:2: 169 daAuts
